 Dungeon Crawl Stone Soup version 0.30-a0-149-g7f746667c4 (webtiles) character file.

Game seed: 16711518855910704833

5 ragingrage the Charlatan (level 1, 0/15 HPs)
             Began as a Demonspawn Artificer on Sept 26, 2022.
             Slain by a quokka (4 damage)
             ... on level 1 of the Dungeon.
             The game lasted 00:00:29 (285 turns).

ragingrage the Charlatan (Demonspawn Artificer)      Turns: 285, Time: 00:00:30

Health: 0/15       AC:  3    Str: 12    XL:     1   Next: 66%
Magic:  1/1        EV: 11    Int: 12    God:
Gold:   45         SH:  0    Dex: 13    Spells: 0/0 levels left

rFire   . . .      SeeInvis .    a - +0 club
rCold   . . .      Faith    .    (no shield)
rNeg    . . .      Spirit   .    b - +0 leather armour
rPois   .          Reflect  .    (no helmet)
rElec   .          Harm     .    (no cloak)
rCorr   .          Rampage  .    (no gloves)
Will    .....                    (no boots)
Stlth   +.........               (no amulet)
HPRegen 0.05/turn                (no ring)
MPRegen 0.07/turn                (no ring)

@: no status effects
A: no striking features
a: no special abilities


You were on level 1 of the Dungeon.
You visited 1 branch of the dungeon, and saw 1 of its levels.

You collected 45 gold pieces.

Inventory:

Hand Weapons
 a - a +0 club (weapon)
Armour
 b - a +0 leather armour (worn)
Wands
 c - a wand of flame (15) (quivered)
 d - a wand of charming (14)
 e - a wand of iceblast (5)
Scrolls
 f - a scroll of magic mapping {unknown}


   Skills:
 + Level 1.4 Fighting
 - Level 1.7 Armour
 - Level 0.8 Dodging
 - Level 0.8 Stealth
 + Level 3.2 Evocations


You couldn't memorise any spells.
You didn't know any spells.
Your spell library was empty.

Dungeon Overview and Level Annotations

Branches:
Dungeon (1/15)

Altars:


Message History

Your quokka closely misses the frilled lizard.
The frilled lizard bites your quokka.
Your quokka bites the frilled lizard.
The frilled lizard dies!
Really attack your quokka?
You catch your helpless quokka completely off-guard!
You hit your quokka.
The quokka is no longer charmed.
The quokka is moderately wounded.
The quokka bites you but does no damage.
The quokka barely misses you.
You closely miss the quokka.
The quokka is moderately wounded.
The quokka closely misses you.
You closely miss the quokka.
The quokka is moderately wounded.
The quokka bites you. x2
You closely miss the quokka. Your punch misses the quokka.
The quokka is moderately wounded.
The quokka barely misses you.
You barely miss the quokka.
The quokka is moderately wounded.
The quokka completely misses you.
The quokka bites you but does no damage.
You barely miss the quokka.
The quokka is moderately wounded.
The quokka barely misses you.
You closely miss the quokka.
The quokka is moderately wounded.
The quokka bites you. The quokka barely misses you.
You closely miss the quokka.
The quokka is moderately wounded.
The quokka bites you.
* * * LOW HITPOINT WARNING * * *
The quokka bites you but does no damage.
You barely miss the quokka.
The quokka is lightly wounded.
The quokka bites you but does no damage.
You hit the quokka.
The quokka is almost dead.
The quokka closely misses you. The quokka bites you.
You die...

#
..###.##############
.....†..r@)........+
#.#.#.#####.########
# #.# #.# #.# #.##
#..# #####
##########.#######
#....
..................


You could see a quokka.

Vanquished Creatures
  An endoplasm (D:1)
  A hobgoblin (D:1)
  A frilled lizard (D:1)
  A kobold (D:1)
4 creatures vanquished.

Vanquished Creatures (collateral kills)
  A frilled lizard (D:1)
  A kobold (D:1)
2 creatures vanquished.

Grand Total: 6 creatures vanquished

Notes
Turn   | Place    | Note
-------+----------+-------------------------------------------
     0 | D:1      | ragingrage the Demonspawn Artificer began the quest for the
                  | Orb.
     0 | D:1      | Reached XP level 1. HP: 15/15 MP: 1/1
   285 | D:1      | Slain by a quokka

Illustrated notes

Levels and vault maps discovered:
D:1:      dpeg_arrival_boxorama, layout_basic, ebering_ecumenical_altar_mist

Action                   || total
-------------------------++-------
Melee: Club              ||    28
Evoke: Wand              ||     1
 Stab: Betrayed ally     ||     1
Armor: Leather armour    ||    12
Dodge: Dodged            ||    13

Table legend: (Time is in decaauts)
 A = Elapsed time spent in this place.
 B = Non-inter-level travel time spent in this place.
 C = Inter-level travel time spent in this place.
 D = Time resting spent in this place.
 E = Time spent auto-exploring this place.
 F = Levels seen in this place.
 G = Mean time per level.
                   A        B        C        D        E       F      G
               +--------+--------+--------+--------+--------+-----+--------+
         Total |    293 |    293 |      0 |    132 |     42 |   1 |  293.0 |
       Dungeon |    293 |    293 |      0 |    132 |     42 |   1 |  293.0 |
               +--------+--------+--------+--------+--------+-----+--------+

Top non-repeatable levels by time:
     D:1: 293 daAuts
